AoeStats
← piggthomas

Arabia

503193590Analyzed
1v1 RM · 1mo ago on Aug 30, 2026· 39m 59s· 2 players
Game mode
Random Map
Map size
Tiny (2 player)
Population
200
Speed
Normal
Resources
Standard
Victory
Conquest
Starting age
Dark Age
Ending age
Imperial Age
RankedLock teamsTeams togetherTeam positionsShared explorationLock speedFull tech treeHidden civsTurbo modeCheats
Victory
Defeat
🇪🇸 Bulgarians · Spain
619
+18
🇬🇧 Maya · United Kingdom
656
-18
El inglés
8:15 Loom
10:48 Feudal Age
17:43 Castle Age
19:47 Fletching
23:16 Horse Collar
23:35 Gold Mining
27:07 Bodkin Arrow
31:33 Imperial Age
32:43 Bracer
32:43 Murder Holes
33:10 Ballistics
33:01 Masonry
33:36 Wheelbarrow
32:46 Horse Collar
32:54 Double-Bit Axe
34:30 Forging
35:52 Scale Mail Armor
38:30 Hand Cart
piggthomas
0:26 Loom
10:29 Feudal Age
11:01 Double-Bit Axe
16:05 Horse Collar
17:54 Scale Mail Armor
18:59 Wheelbarrow
21:13 Forging
24:19 Castle Age
24:04 Gold Mining
24:04 Stone Mining
34:39 Eagle Warrior
39:44 Chain Mail Armor
40:04 Iron Casting
40:14 Squires
Connection lost

Rejoining the realm…

Still unreachable

The connection could not be restored.

Session expired

The server has moved on; the page needs a fresh start.